 Dungeon Crawl Stone Soup version 0.22-a0-283-g1871b15 (webtiles) character file.

461 4thArraOfDagon the Slasher (level 7, -1/50 HPs)
             Began as a Formicid Warper on Mar 18, 2018.
             Was a Believer of Zin.
             Slain by an iguana (6 damage)
             ... on level 8 of the Dungeon.
             The game lasted 00:09:50 (3002 turns).

4thArraOfDagon the Slasher (Formicid Warper)        Turns: 3002, Time: 00:09:50

Health: -1/50      AC:  8    Str: 14    XL:     7   Next: 28%
Magic:  10/10      EV:  6    Int: 14    God:    Zin [**....]
Gold:   146        SH:  0    Dex: 10    Spells: 10/10 levels left

rFire    . . .     SeeInvis +   a - +0 falchion
rCold    . . .     Gourm    .   (no shield)
rNeg     . . .     Faith    .   h - +0 chain mail
rPois    .         Spirit   .   (helmet unavailable)
rElec    .         Reflect  .   (no cloak)
rCorr    .         Harm     .   (no gloves)
MR       .....                  (no boots)
Stlth    ..........             (no amulet)
HPRegen  0.16/turn              l - -2 ring of strength
MPRegen  0.12/turn              (no ring)

@: no status effects
A: permanent stasis, dig shafts and tunnels, four strong arms, antennae 3
a: Dig, Shaft Self, Recite, Vitalisation, Donate Gold, Renounce Religion


You were on level 8 of the Dungeon.
You worshipped Zin.
Zin was pleased with you.
You were not hungry.

You visited 1 branch of the dungeon, and saw 8 of its levels.

You collected 198 gold pieces.
You spent 25 gold pieces at shops.
You donated 27 gold pieces to Zin.

Inventory:

Hand Weapons
 a - a +0 falchion (weapon)
 o - a +0 scythe
Missiles
 e - 3 tomahawks of dispersal (quivered)
Armour
 b - a +0 leather armour
 h - a +0 chain mail (worn)
Jewellery
 l - a -2 ring of strength (left hand)
Wands
 m - a wand of random effects (10)
 p - a wand of flame (3)
Scrolls
 c - 2 scrolls of teleportation {unknown}
 d - a scroll of blinking
 g - a scroll of random uselessness
 i - 5 scrolls of remove curse
 k - a scroll of identify
 q - 3 scrolls of amnesia {unknown}
 r - 3 scrolls of fog {unknown}
 u - 2 scrolls of enchant armour {unknown}
Potions
 j - a potion of cancellation
 n - a potion of brilliance
 t - a potion of magic
Comestibles
 f - 10 rations
 s - a chunk of flesh


   Skills:
 - Level 2.1 Fighting
 * Level 6.9 Long Blades
 - Level 1.0 Throwing
 - Level 1.1 Armour
 - Level 1.7 Dodging
 - Level 2.1 Spellcasting
   Level 2.6 Translocations
 + Level 2.7 Invocations


You had 10 spell levels left.
You didn't know any spells.

Dungeon Overview and Level Annotations

Branches:
Dungeon (7/15)
 Temple: D:4-7

Altars:
Ashenzari
Elyvilon
Nemelex Xobeh
Okawaru
Trog
Vehumet
Xom
Zin

Shops:
D:5 **[(

Annotations:
D:2 1 exclusion, Natasha


Innate Abilities, Weirdness & Mutations

You cannot be hasted, slowed, berserked, paralysed or teleported.
You can dig through walls and to a lower floor.
Your four strong arms can wield two-handed weapons with a shield.
You have a pair of large antennae on your head. (SInv)


Message History

An iguana comes into view.
Okay, then.
Throwing (i - inventory)
e - 5 tomahawks of dispersal (quivered)
Press: ? - help, Shift-Dir - straight line, f - iguana
Aim: an iguana You throw a tomahawk of dispersal.
The tomahawk of dispersal hits the iguana.
The iguana is moderately wounded.
The iguana bites you.
* * * LOW HITPOINT WARNING * * *
The iguana bites you.
* * * LOW HITPOINT WARNING * * *
Throwing (i - inventory)
e - 4 tomahawks of dispersal (quivered)
Press: ? - help, Shift-Dir - straight line, f/p - iguana
Aim: an iguana (moderately wounded)
You throw a tomahawk of dispersal.
The tomahawk of dispersal hits the iguana but does no damage.
The iguana is moderately wounded.
The iguana bites you.
You die...

## #.# #.## #.##
#..## ##...##
#..##.######
##.###.#.#.#l##
#.# ##.#.#.#@# ##.
#.########
#..#####.##
#.........##
##......%..#
###.........#
###....#.####.$..{
.......### ###.
#####.## .


You could see an iguana.

Vanquished Creatures
  Purgy (D:4)
  An ogre (D:5)
  A howler monkey (D:4)
  A jelly (D:5)
  2 hounds (D:4)
  A worker ant (D:6)
  3 adders
  A shadow imp (D:5)
  An adder zombie (D:8)
  An adder skeleton (D:5)
  2 leopard geckos (D:1)
  9 orcs
  4 giant cockroaches (D:1)
  5 goblins
  10 hobgoblins
  8 jackals
  2 quokkas
  A ball python (D:1)
  9 bats
  2 frilled lizards (D:2)
  A jackal skeleton (D:5)
  9 kobolds
  6 rats
81 creatures vanquished.

Notes
Turn   | Place    | Note
-------+----------+-------------------------------------------
     0 | D:1      | 4thArraOfDagon the Formicid Warper began the quest for the Orb.
     0 | D:1      | Reached XP level 1. HP: 16/16 MP: 3/3
     3 | D:1      | You fall through a shaft!
     8 | D:2      | Noticed Natasha
    37 | D:1      | Reached XP level 2. HP: 22/22 MP: 5/5
   185 | D:1      | Reached skill level 3 in Long Blades
   330 | D:2      | Reached XP level 3. HP: 17/27 MP: 6/6
   414 | D:2      | You fall through a shaft!
   434 | D:4      | Found a white marble altar of Elyvilon.
   492 | D:4      | Reached skill level 4 in Long Blades
   492 | D:4      | Reached XP level 4. HP: 29/33 MP: 7/7
   545 | D:4      | Reached XP level 5. HP: 20/38 MP: 8/8
   660 | D:5      | Entered Level 5 of the Dungeon
   684 | D:5      | Found Woyqogoo's Antique Armour Emporium.
   715 | D:5      | Found an iron altar of Okawaru.
   717 | D:5      | Found a radiant altar of Vehumet.
   719 | D:5      | Found a bloodstained altar of Trog.
   720 | D:5      | Found a shimmering altar of Xom.
   757 | D:5      | Found a glowing silver altar of Zin.
   780 | D:5      | Became a worshipper of Zin the Law-Giver
   804 | D:5      | Found Mopoosui's Assorted Antiques.
   808 | D:5      | Bought an amethyst potion for 25 gold pieces
   829 | D:5      | Noticed an ogre
   848 | D:5      | Killed an ogre
   848 | D:5      | Reached skill level 5 in Long Blades
   857 | D:5      | Reached XP level 6. HP: 44/44 MP: 9/9
   893 | D:5      | Found Feomeshru's Weapon Shop.
   920 | D:5      | Found Vuazame's Assorted Antiques.
   963 | D:4      | Reached skill level 6 in Long Blades
   997 | D:4      | Reached skill level 1 in Invocations
  1010 | D:4      | Found a shattered altar of Ashenzari.
  1012 | D:4      | Noticed Purgy
  1031 | D:4      | Was placed under penance by Zin
  1051 | D:4      | Killed Purgy
  1188 | D:4      | Donated 8 gold pieces to Zin
  1293 | D:3      | Was forgiven by Zin
  1305 | D:3      | Reached XP level 7. HP: 35/50 MP: 10/10
  1936 | D:2      | Reached * piety under Zin
  2184 | D:3      | Found a sparkling altar of Nemelex Xobeh.
  2240 | D:3      | Reached ** piety under Zin
  2929 | D:6      | You fall through a shaft!
  2955 | D:7      | You fall through a shaft!
  3002 | D:8      | Slain by an iguana

Vault maps used:
D:1:      dpeg_arrival_prison
D:2:      wad_lake_hut, uniq_natasha
D:3:      nemelex_altar_shiori
D:4:      kennysheep_little_box, nicolae_overflow_crystal_walls, first_ration,
          uniq_purgy
D:5:      zin_treasury, marbit_many_paths, minitemple, serial_shops, shop,
          nicolae_shop_behind_doors, shop, shop, serial_bayou_pond_b,
          grunt_decor_resistance
D:6:      serial_glass, glass_columns_a, glass_columns_c,
          minmay_strange_pillars, feat_on_display, item_on_display_a,
          serial_shops, nicolae_shop_trees, uniq_blork_the_orc, uniq_sigmund
D:7:      minmay_temple_entry_junction
D:8:      special_room, grunt_livestock, uniq_pikel

Skill      XL: |  1  2  3  4  5  6 |
---------------+-------------------+-----
Long Blades    | 3 4 5 6 |  6.9
Invocations    | 2 |  2.7
Fighting       | |  2.1
Throwing       | |  1.0
Armour         | |  1.1
Dodging        | |  1.7
Spellcasting   | |  2.1
Translocations | |  2.6

Action                   |  1- 3 |  4- 6 |  7- 9 || total
-------------------------+-------+-------+-------++-------
Melee: Falchion          |    61 |    99 |   271 ||   431
Throw: Tomahawk          |       |       |     2 ||     2
Invok: Donate Gold       |       |     1 |       ||     1
 Abil: Dig               |     4 |     4 |     5 ||    13
       Shaft Self        |     2 |       |     2 ||     4
Evoke: Wand              |       |    21 |       ||    21
  Use: Scroll            |       |     6 |     1 ||     7
       Potion            |       |       |     1 ||     1
  Eat: Chunk             |       |     2 |     6 ||     8
       Ration            |       |     1 |       ||     1
Armor: Leather armour    |     9 |       |       ||     9
       Chain mail        |    18 |    75 |   204 ||   297
Dodge: Dodged            |    33 |    53 |    93 ||   179
       Rpst.: Falchion   |    11 |    19 |    37 ||    67

Table legend:
 A = Spawn XP
 B = Non-spawn XP
 C = Spawn XP percentage of total XP
 D = Spawn monster count
 E = Non-spawn monster count
 F = Spawn count percentage of total count
 G = Total turns spent on level
                    A         B        C        D         E        F      G
               +---------+---------+-------+---------+---------+-------+---------
         Total |       0 |     659 |   0.0 |       0 |      81 |   0.0 |  3002
               +---------+---------+-------+---------+---------+-------+---------
           D:1 |       0 |      46 |   0.0 |       0 |      24 |   0.0 |   657
           D:2 |       0 |      32 |   0.0 |       0 |      13 |   0.0 |   373
           D:3 |       0 |      63 |   0.0 |       0 |      22 |   0.0 |   522
           D:4 |       0 |     290 |   0.0 |       0 |      10 |   0.0 |   581
           D:5 |       0 |     176 |   0.0 |       0 |       5 |   0.0 |   621
           D:6 |       0 |      46 |   0.0 |       0 |       6 |   0.0 |   175
           D:8 |       0 |       6 |   0.0 |       0 |       1 |   0.0 |    47
               +---------+---------+-------+---------+---------+-------+---------
